AoeStats
← Superbrasseur

MegaRandom

509872171Analyzed
2v2 RM · 4d ago on Sep 28, 2026· 28m 0s· 4 players
Game mode
Random Map
Map size
Medium (4 player)
Population
200
Speed
Normal
Resources
Standard
Victory
Conquest
Starting age
Dark Age
Ending age
Imperial Age
RankedLock teamsTeams togetherTeam positionsShared explorationLock speedFull tech treeHidden civsTurbo modeCheats
Victory
Defeat
🇳🇱 Varangians · Netherlands
1527
+16
🇦🇷 Magyars · Argentina
1470
+19
🇫🇷 Mongols · France
1541
-18
🇫🇷 Saracens · France
1514
-17
AkiLLes
4:23 Loom
12:40 Feudal Age
13:21 Double-Bit Axe
16:43 Horse Collar
22:46 Castle Age
21:44 Scale Barding Armor
22:26 Bloodlines
22:50 Light Cavalry
24:18 Wheelbarrow
24:09 Chain Barding Armor
25:15 Husbandry
Holy Heroin
8:56 Loom
14:01 Feudal Age
18:26 Castle Age
17:41 Double-Bit Axe
19:33 Fishing Lines
20:02 Fletching
20:40 Bodkin Arrow
Superbrasseur
3:40 Loom
15:09 Feudal Age
16:25 Wheelbarrow
15:38 Double-Bit Axe
18:34 Fletching
26:13 Castle Age
24:33 Fishing Lines
27:13 Bow Saw
Flybidi
11:48 Loom
15:24 Feudal Age
19:23 Castle Age
18:20 Double-Bit Axe
18:16 Horse Collar
18:27 Gold Mining
20:27 Bow Saw
21:37 Scale Barding Armor
22:56 Wheelbarrow
24:07 Fletching
Connection lost

Rejoining the realm…

Still unreachable

The connection could not be restored.

Session expired

The server has moved on; the page needs a fresh start.